 Dungeon Crawl Stone Soup version 0.31-a0-983-g7b6862f502 (webtiles) character file.

Game seed: 214336376028283611

625 IdlyInterested the Slasher (level 7, -7/51 HPs)
             Began as a Demonspawn Gladiator on Nov 2, 2023.
             Mangled by Pikel
             ... wielding a +2 whip of electrocution
              (8 damage)
             ... on level 4 of the Dungeon.
             The game lasted 00:08:36 (3103 turns).

IdlyInterested the Slasher (Demonspawn Gladiator)   Turns: 3103, Time: 00:08:36

Health: -7/51      AC: 11    Str: 14    XL:     7   Next: 23%
Magic:  7/7        EV: 10    Int:  9    God:
Gold:   178        SH:  0    Dex: 17    Spells: 6/6 levels left

rFire   . . .        a - +0 long sword
rCold   . . .        (no shield)
rNeg    . . .        s - +0 scale mail
rPois   .            c - +0 helmet
rElec   .            (no cloak)
rCorr   .            w - +0 pair of gloves
SInv    .            (no boots)
Will    ++...        (no amulet) Stlth
                     l - ring of willpower
HPRegen 0.28/turn    f - ring of willpower
MPRegen 0.10/turn

%: no passive effects
@: no status effects
A: icy blue scales 2, demonic touch 1
a: no special abilities


You were on level 4 of the Dungeon.
You visited 1 branch of the dungeon, and saw 4 of its levels.

You collected 178 gold pieces.

Inventory:

Hand Weapons
 a - a +0 long sword (weapon)
 y - a +0 rapier
Missiles
 d - 4 throwing nets
 e - a javelin
 h - 42 stones (quivered)
 n - 3 boomerangs
 o - 7 poisoned darts
Armour
 c - a +0 helmet (worn)
 s - a +0 scale mail (worn)
 w - a +0 pair of gloves (worn)
Jewellery
 f - a ring of willpower (right hand)
 l - a ring of willpower (left hand)
Talismans
 b - a serpent talisman
Scrolls
 j - a scroll of vulnerability {unknown}
 q - a scroll of fog
 r - a scroll of fear {unknown}
 u - a scroll of immolation {unknown}
 v - a scroll of teleportation {unknown}
 x - a scroll of torment {unknown}
Potions
 g - a potion of enlightenment
 m - 2 potions of heal wounds {unknown}
 p - a potion of brilliance
 z - a potion of cancellation {unknown}


   Skills:
 + Level 2.4 Fighting
 * Level 6.6 Long Blades
 - Level 1.7 Throwing
 - Level 1.0 Armour
 - Level 3.0 Dodging
 - Level 1.0 Stealth
 - Level 2.0 Unarmed Combat
 - Level 1.0 Evocations
 - Level 1.0 Shapeshifting


You had 6 spell levels left.
You didn't know any spells.
Your spell library contained the following spells:

 Spells                   Type           Power      Damage    Failure   Level
 Ensorcelled Hibernation  Hex/Ice        0%         N/A       95%         2
 Jinxbite                 Hex            0%         N/A       95%         2
 Poisonous Vapours        Pois/Air       0%         N/A       95%         2
 Sublimation of Blood     Necr           0%         N/A       95%         2
 Wereblood                Tmut           0%         N/A       95%         2
 Mephitic Cloud           Conj/Pois/Air  0%         N/A       99%         3
 Anguish                  Hex/Necr       0%         N/A       100%        4
 Freezing Cloud           Conj/Ice/Air   0%         6-21      100%        5
 Summon Hydra             Summ           0%         N/A       100%        7


Dungeon Overview and Level Annotations

Branches:
Dungeon (4/15)
 Temple: D:4-7

Altars:
Hepliaklqana
Xom
Yredelemnul

Annotations:
D:4 Pikel


Innate Abilities, Weirdness & Mutations

You are mostly covered in icy blue scales. (AC +3)
Your touch may inflict minor irresistible damage on your foes.


Message History

Pikel hits you but does no damage.
You closely miss Pikel.
Pikel is heavily wounded.
Pikel hits you with a +2 whip of electrocution.
You closely miss Pikel. Your touch misses Pikel.
Pikel is heavily wounded.
Pikel hits you with a +2 whip of electrocution.
You completely miss Pikel. Your touch misses Pikel.
Pikel is heavily wounded.
Pikel barely misses you.
The giant cockroach waves its antennae.
You closely miss Pikel.
Pikel is heavily wounded.
Pikel hits you with a +2 whip of electrocution.
You hit Pikel.
Pikel is heavily wounded.
Pikel hits you with a +2 whip of electrocution!
* * * LOW HITPOINT WARNING * * *
You feel better. Pikel closely misses you.
You closely miss Pikel.
Pikel is heavily wounded.
Pikel hits you but does no damage.
You are electrocuted!
* * * LOW HITPOINT WARNING * * *
Throw: 6 throwing nets
Press: ? - help, Shift-Dir - straight line, f/p - Pikel
Aim: Pikel, wielding a +2 whip of electrocution and wearing a +0 robe (heavily wounded, 50% to hit)
You throw a throwing net. The throwing net closely misses Pikel.
The throwing net closely misses the lemure.
The throwing net barely misses the iguana.
Pikel misses you.
Throw: 5 throwing nets
Press: ? - help, Shift-Dir - straight line, f/p - Pikel
Aim: Pikel, wielding a +2 whip of electrocution and wearing a +0 robe (heavily wounded, 50% to hit)
You throw a throwing net. The throwing net closely misses Pikel.
The throwing net barely misses the lemure.
The throwing net hits the iguana.
The iguana is caught in the net!
The ogre looks more healthy.
Pikel hits you with a +2 whip of electrocution!
You die...
Pikel says, "See you in Hell!"

#...).....
######...).....
#.....####..... #.....#
####.. # #.....# #..
##.#######.....#######..
........................
........##.....#########
...####@##.....# #### .
#K######## #... #.B55O#
#... B.5..55l.# #...
((5#...... #... (.
#....... ###. #........
#... ###.(..... #...
#.#.##### #...


You could see Pikel, an ogre, 4 lemures and an iguana (caught).

Vanquished Creatures
  The ghost of hattop the Trooper, an amateur TrFi (D:3)
  Sigmund (D:3)
  A hound (D:4)
  Jessica (D:3)
  A sleepcap (D:4)
  9 gnolls
  7 adders
  An ufetubus (D:3)
  A worm (D:3)
  4 dart slugs
  8 bats
  5 endoplasms
  3 giant cockroaches
  9 goblins
  7 hobgoblins
  7 quokkas
  4 ball pythons (D:1)
  A ball python zombie (D:3)
  6 frilled lizards
  A giant cockroach zombie (D:3)
  3 kobolds
  2 rats (D:2)
83 creatures vanquished.

Notes
Turn   | Place    | Note
-------+----------+-------------------------------------------
     0 | D:1      | IdlyInterested the Demonspawn Gladiator began the quest for
                  | the Orb.
     0 | D:1      | Reached XP level 1. HP: 16/16 MP: 1/1
    57 | D:1      | Reached skill level 3 in Long Blades
    76 | D:1      | Gained mutation: You are partially covered in icy blue
                  | scales. (AC +2) [demonic ancestry]
    76 | D:1      | Reached XP level 2. HP: 20/22 MP: 2/2
   284 | D:1      | Reached skill level 1 in Evocations
   505 | D:1      | Reached XP level 3. HP: 14/27 MP: 3/3
   588 | D:1      | Reached skill level 1 in Stealth
  1192 | D:2      | Reached skill level 4 in Long Blades
  1192 | D:2      | Gained mutation: You are mostly covered in icy blue scales.
                  | (AC +3) [demonic ancestry]
  1192 | D:2      | Reached XP level 4. HP: 33/33 MP: 4/4
  1855 | D:3      | Gained mutation: Your touch may inflict minor irresistible
                  | damage on your foes. [demonic ancestry]
  1855 | D:3      | Reached XP level 5. HP: 36/38 MP: 5/5
  1864 | D:3      | Found a shimmering altar of Xom.
  1885 | D:3      | Reached skill level 1 in Armour
  2092 | D:3      | Found a runed translucent gate.
  2092 | D:3      | Found a runed translucent gate.
  2092 | D:3      | Found a runed translucent gate.
  2096 | D:3      | Noticed hattop's ghost (amateur TrFi)
  2348 | D:3      | Found a hazy altar of Hepliaklqana.
  2429 | D:3      | Noticed Jessica
  2434 | D:3      | Killed Jessica
  2512 | D:3      | Reached skill level 5 in Long Blades
  2512 | D:3      | Noticed Sigmund
  2517 | D:3      | Killed Sigmund
  2518 | D:3      | Reached skill level 1 in Unarmed Combat
  2518 | D:3      | Reached skill level 1 in Shapeshifting
  2518 | D:3      | Reached XP level 6. HP: 44/44 MP: 6/6
  2631 | D:3      | Found a basalt altar of Yredelemnul.
  2712 | D:3      | Killed hattop's ghost
  2713 | D:3      | Reached skill level 6 in Long Blades
  2713 | D:3      | Reached XP level 7. HP: 12/50 MP: 7/7
  3083 | D:4      | Noticed Pikel
  3101 | D:4      | HP: 1/51 [Pikel/+2 whip of electrocution (15)]
  3103 | D:4      | Mangled by Pikel

Illustrated notes

Levels and vault maps discovered:
D:1:      erik_arrival_blinker_ship, layout_loops_ring, minmay_misc_feat_alley,
          nicolae_figureground_pulse
D:2:      layout_loops_ring, kennysheep_generic_room_9
D:3:      layout_loops_cross, lemuel_round_altar, mainiacjoe_overflow_alcove_2,
          lemuel_zombie_altar_yredelemnul, gammafunk_ghost_split, uniq_sigmund,
          uniq_jessica
D:4:      layout_basic, mainiacjoe_overflow_catwalk,
          mainiacjoe_overflow_cross_hatched, grunt_decor_fettered, uniq_pikel

Skill      XL: |  1  2  3  4  5  6 |
---------------+-------------------+-----
Long Blades    | 3 4 5 6 |  6.6
Evocations     | 1 |  1.0
Stealth        | 1 |  1.0
Dodging        | 3 |  3.0
Armour         | 1 |  1.0
Unarmed Combat | 1 2 |  2.0
Shapeshifting  | 1 |  1.0
Fighting       | |  2.4
Throwing       | |  1.7

Action                     |  1- 3 |  4- 6 |  7- 9 || total
---------------------------+-------+-------+-------++-------
  Melee: Long sword        |   101 |   111 |    37 ||   249
         Punch             |     1 |     1 |     3 ||     5
         Touch             |       |    16 |     7 ||    23
  Throw: Dart              |       |     2 |     5 ||     7
         Stone             |       |     1 |       ||     1
         Throwing net      |       |       |     2 ||     2
    Use: Potion            |       |     3 |     1 ||     4
         Scroll            |       |       |     3 ||     3
   Stab: Sleeping          |     1 |       |       ||     1
 Armour: Ring mail         |    52 |       |       ||    52
         Scale mail        |     2 |    72 |    34 ||   108
  Dodge: Dodged            |    78 |    65 |    13 ||   156

Table legend: (Time is in decaauts)
 A = Elapsed time spent in this place.
 B = Non-inter-level travel time spent in this place.
 C = Inter-level travel time spent in this place.
 D = Time resting spent in this place.
 E = Time spent auto-exploring this place.
 F = Levels seen in this place.
 G = Mean time per level.
                   A        B        C        D        E       F      G
               +--------+--------+--------+--------+--------+-----+--------+
         Total |   3145 |   2940 |    205 |    227 |   1904 |   4 |  786.2 |
       Dungeon |   3145 |   2940 |    205 |    227 |   1904 |   4 |  786.2 |
               +--------+--------+--------+--------+--------+-----+--------+

Top non-repeatable levels by time:
     D:3: 1047 daAuts
     D:1: 954 daAuts
     D:2: 921 daAuts
     D:4: 222 daAuts
